 Dungeon Crawl Stone Soup version 0.23.2-33-g5129a83184 (webtiles) character file.

Game seed: 6822581982783835875

80758 Lauz the Devastator (level 15, -8/131 HPs)
             Began as a Green Draconian Conjurer on July 6, 2019.
             Was a High Priest of Vehumet.
             Hit by a large rock thrown by a cyclops (21 damage)
             ... on level 14 of the Dungeon on July 8, 2019.
             The game lasted 02:52:12 (38875 turns).

Lauz the Devastator (Green Draconian Conjurer)     Turns: 38875, Time: 02:52:13

Health: -8/131     AC: 14    Str: 12    XL:     15   Next: 24%
Magic:  12/41      EV: 18    Int: 20    God:    Vehumet [*****.]
Gold:   1614       SH:  0    Dex: 15    Spells: 7/41 levels left

rFire    . . .     SeeInvis +   o - +3 dagger (protect)
rCold    . . .     Gourm    .   (no shield)
rNeg     . . .     Faith    .   (armour unavailable)
rPois    +         Spirit   .   O - +0 mask of the Dragon {MR+ Slay+3 SInv}
rElec    .         Reflect  .   (no cloak)
rCorr    .         Harm     .   q - +1 pair of gloves
MR       ++...                  M - +2 pair of boots
Stlth    ++........             m - amulet of Vitality {Regen+ HP+15}
HPRegen  0.71/turn              N - +3 ring of dexterity
MPRegen  0.27/turn              L - ring of magical power

@: very slightly contaminated
A: breathe noxious fumes, unfitting armour, stinger 1, poison resistance,
cold-blooded, AC +9
a: Breathe Noxious Fumes, Renounce Religion


You were on level 14 of the Dungeon.
You worshipped Vehumet.
Vehumet was extremely pleased with you.
You were hungry.

You visited 3 branches of the dungeon, and saw 22 of its levels.
You also visited: Ossuary.

You collected 1614 gold pieces.

Inventory:

Hand Weapons
 o - a +3 dagger of protection (weapon)
 r - a +0 falchion
 D - a +3 scimitar of flaming
 E - a +5 battleaxe
 F - a cursed +4 great sword
 W - a +2 battleaxe of flaming
 X - a +2 scimitar of flaming
Armour
 q - a +1 pair of gloves (worn)
 M - a +2 pair of boots (worn)
 O - the +0 mask of the Dragon (worn) {MR+ Slay+3 SInv}
   (You found it on level 3 of the Lair of Beasts)

   It affects your accuracy and damage with ranged weapons and melee attacks
   (+3).
   It affects your resistance to hostile enchantments.
   It lets you see invisible.
Magical Staves
 P - an uncursed staff of death
Jewellery
 l - an uncursed ring of see invisible
 m - the amulet of Vitality (around neck) {Regen+ HP+15}
   (You found it on level 7 of the Dungeon)

   [amulet of regeneration]

   It affects your health (+15).
   It increases your rate of regeneration.
 v - an uncursed ring of protection from cold
 L - a ring of magical power (right hand)
 N - a +3 ring of dexterity (left hand)
 S - an uncursed amulet of the gourmand
 T - an uncursed ring of magical power
Wands
 w - a wand of enslavement (8)
 z - a wand of flame (40)
 I - a wand of paralysis (11)
 J - a wand of iceblast (8)
 Q - a wand of digging (2)
 R - a wand of random effects (27)
 U - a wand of acid (8)
Scrolls
 c - 6 scrolls of teleportation
 g - 6 scrolls of remove curse
 i - 6 scrolls of identify
 j - 3 scrolls of enchant armour
 n - 7 scrolls of amnesia
 u - 2 scrolls of summoning
 y - 3 scrolls of fog
 B - 4 scrolls of enchant weapon
 K - 3 scrolls of magic mapping
Potions
 a - 3 potions of lignification
 d - 2 potions of cancellation {unknown}
 e - 8 potions of curing
 f - 2 potions of agility {unknown}
 h - 3 potions of might
 k - 7 potions of heal wounds
 p - 2 potions of haste
 s - 3 potions of brilliance
 t - 7 potions of mutation
 x - 2 potions of magic
 C - a potion of invisibility {unknown}
 G - 3 potions of resistance
 H - a potion of ambrosia
Comestibles
 b - 27 rations


   Skills:
 + Level 6.3 Fighting
 + Level 8.4 Dodging
 - Level 1.7 Stealth
 + Level 13.8 Spellcasting
 * Level 17.1 Conjurations
 + Level 1.7 Translocations
 - Level 0.5 Fire Magic
 - Level 3.6 Ice Magic
 - Level 5.4 Air Magic
 * Level 9.0 Poison Magic


You had 7 spell levels left.
You knew the following spells:

 Your Spells              Type           Power        Failure   Level  Hunger
a - Magic Dart            Conj           ####         0%          1    None
b - Iskenderun's Mystic   Conj           ######..     1%          4    None
c - Freeze                Ice            ####         1%          1    None
d - Flame Tongue          Conj/Fire      #####        1%          1    None
e - Mephitic Cloud        Conj/Pois/Air  ######..     1%          3    None
f - Sticky Flame          Conj/Fire      #####...     1%          4    None
g - Force Lance           Conj/Tloc      ######..     1%          4    None
h - Venom Bolt            Conj/Pois      ######....   1%          5    ####...
i - Poison Arrow          Conj/Pois      ######....   1%          6    #####..
j - Lightning Bolt        Conj/Air       ######....   1%          5    ####...

Your spell library contained the following spells:

 Spells                   Type           Power        Failure   Level  Hunger
 Searing Ray              Conj           ######       0%          2    None
 Dazzling Spray           Conj/Hex       #####.       1%          3    None
 Fulminant Prism          Conj/Hex       #####.....   1%          4    None
 Ensorcelled Hibernation  Hex/Ice        ###...       3%          2    None
 Corona                   Hex            ##.....      4%          1    None
 Confuse                  Hex            ##......     14%         3    None
 Tukima's Dance           Hex            ##......     14%         3    None


Dungeon Overview and Level Annotations

Branches:
Dungeon (15/15)            Temple (1/1) D:6            Lair (6/6) D:9
  Swamp (0/4) Lair:2       Spider (0/4) Lair:3        Slime (0/5) Lair:5
    Orc (0/2) D:12         Vaults (0/5) D:13
 Depths: D:15

Altars:
Ashenzari
Cheibriados
Dithmenos
Elyvilon
Fedhas
Gozag
Hepliaklqana
Kikubaaqudgha
Makhleb
Nemelex Xobeh
Okawaru
Qazlal
Ru
Sif Muna
Trog
Uskayaw
Vehumet
Wu Jian
Xom
Yredelemnul
Zin
The Shining One
Jiyva

Portals:
Trove: D:10 (give 7 scrolls of blinking)

Annotations:
D:3 Grinder


Innate Abilities, Weirdness & Mutations

You can breathe blasts of noxious fumes.
Your lurid green scales are hard. (AC +9)
You cannot fit into any form of body armour.
Your tail ends in a poisonous barb.
Your system is resistant to poisons. (rPois)
You are cold-blooded and may be slowed by cold attacks.


Message History

You feel yourself slow down.
* * * LOW HITPOINT WARNING * * *
The centaur warrior skeleton closely misses you.
The cyclops hits you but does no damage.
The centaur warrior skeleton completely misses you.
The white ugly thing claws you but does no damage.
There is an escape hatch in the ceiling here.
You feel yourself speed up.
The centaur warrior skeleton closely misses you.
The cyclops hits you!!
* * * LOW HITPOINT WARNING * * *
The white ugly thing claws you but does no damage.
The centaur warrior skeleton barely misses you.
A mysterious force pulls you upwards. The hatch slams shut behind you.
Blink to where?
Press: ? - help, Dir - move target cursor You are very lightly contaminated with residual magic.
As you read the scroll of blinking, it crumbles to dust.
The cyclops throws a large rock.
The large rock hits you!!
You die...

#........#####..# #.###
#...............# #....
#.....>.........######....
#......................###
#......................#
#...............#####..#
#..(...(........# #..#
#....K..........# #..#
#.ยง......@.<....# #..#
#u.C............# #.>#
#...............# #..#
#...............# #..#
#...............# #..#
#...............# #..#
#...............# #..#
#...............# #..#
#...............# #..#


You could see a cyclops and a kobold demonologist (wandering).

Vanquished Creatures
  Rupert (Lair:4)
  Kirke (Lair:3)
  Frances (D:13)
  Nessos (Lair:4)
  The ghost of Befuwnopp the Grappler, a journeyman TrHu of Cheibriados (Lair:3)
  8 hydras
  Erolcha (D:13)
  Harold (D:11)
  Erica (D:11)
  A catoblepas (Lair:5)
  A centaur warrior (D:13)
  6 two-headed ogres
  A death knight (D:11)
  2 death yaks (Lair:5)
  Urug (D:13)
  4 unseen horrors
  A wolf spider (Lair:3)
  6 ugly things
  An oklob plant (Lair:6)
  2 cyclopes (D:11)
  4 manticores
  A torpor snail (Lair:5)
  4 black mambas
  11 elephants
  2 gargoyles
  A centaur skeleton (D:12)
  25 spiny frogs
  5 komodo dragons
  3 rime drakes
  A rime drake (shapeshifter) (D:13)
  2 efreet (D:13)
  A kobold demonologist (D:14)
  4 trolls
  5 tyrant leeches (Lair:6)
  3 jumping spiders (Lair:3)
  2 hornets
  5 dream sheep (Lair:6)
  2 bog bodies (Lair:2)
  6 hippogriffs
  28 blink frogs
  A vampire (D:12)
  4 wyverns
  5 hogs
  A basilisk (Lair:4)
  28 yaks
  2 wraiths
  16 humans
  4 fire bats (D:8)
  2 hungry ghosts (D:11)
  8 vampire mosquitoes
  3 wargs (D:9)
  15 water moccasins
  A hell hound (D:8)
  2 floating eyes (D:11)
  2 soldier ants
  An acid dragon (D:11)
  8 porcupines
  5 orc warriors
  2 black bears (D:11)
  3 eyes of draining
  3 ice beasts
  3 sky beasts
  12 wolves
  12 centaurs
  7 ogres
  13 crocodiles
  20 bullfrogs
  2 elf zombies (Ossuary)
  6 big kobolds
  A gnoll sergeant (D:7)
  A wyvern zombie (D:10)
  6 scorpions
  19 wights
  2 electric eels (Lair:5)
  2 howler monkeys (D:10)
  14 crimson imps
  2 lava snakes (D:8)
  7 centaur zombies
  A quasit (D:9)
  4 jellies
  2 bullfrog zombies
  7 hounds
  A human zombie (Ossuary)
  15 orc priests
  A gnoll shaman (D:5)
  A bullfrog skeleton (D:4)
  Terence (D:3)
  3 iguanas
  9 worker ants
  9 orc wizards
  5 hell rats (Lair:5)
  3 hound zombies
  A hound skeleton (D:8)
  5 mummies
  A worker ant zombie (D:5)
  A howler monkey zombie (D:8)
  13 gnolls
  15 adders
  7 river rats (Lair:5)
  9 shadow imps
  2 worms (D:4)
  2 dart slugs
  6 leopard geckos
  48 orcs
  5 bats
  2 giant cockroaches
  A gnoll zombie (Ossuary)
  5 goblins
  8 hobgoblins
  8 jackals
  5 quokkas
  A ball python (D:3)
  5 frilled lizards
  3 goblin zombies (Ossuary)
  2 hobgoblin zombies (Ossuary)
  A jackal skeleton (D:4)
  A jackal zombie (D:5)
  9 kobolds
  A kobold zombie (Ossuary)
  2 leopard gecko skeletons
  A leopard gecko zombie (D:6)
  12 rats
  3 fire vortices (D:8)
  A fungus (Lair:4)
  5 plants (Lair:6)
655 creatures vanquished.

Vanquished Creatures (collateral kills)
  A wight (D:11)
1 creature vanquished.

Vanquished Creatures (others)
  A human (Lair:4)
  A quokka (D:10)
  17 fungi
  39 plants
58 creatures vanquished.

Grand Total: 714 creatures vanquished

Notes
Turn   | Place    | Note
-------+----------+-------------------------------------------
     0 | D:1      | Lauz the Draconian Conjurer began the quest for the Orb.
     0 | D:1      | Reached XP level 1. HP: 14/14 MP: 3/3
   271 | D:1      | Reached XP level 2. HP: 22/22 MP: 3/5
   683 | D:2      | Found a sparkling altar of Nemelex Xobeh.
   954 | D:2      | Noticed Terence
  1072 | D:2      | Found a sparkling altar of Nemelex Xobeh.
  1211 | D:2      | Reached XP level 3. HP: 27/27 MP: 1/6
  1919 | D:3      | Found an opulent altar of Gozag.
  2794 | D:3      | Reached skill level 5 in Conjurations
  3104 | D:3      | Reached XP level 4. HP: 34/34 MP: 4/7
  3842 | D:3      | Reached skill level 1 in Fighting
  4332 | D:3      | Learned a level 4 spell: Iskenderun's Mystic Blast
  4370 | D:3      | Noticed Grinder
  4387 | D:3      | Reached XP level 5. HP: 40/40 MP: 1/9
  5170 | D:3      | Killed Terence
  6471 | D:4      | Reached XP level 6. HP: 48/48 MP: 0/11
  6824 | D:4      | Reached skill level 6 in Conjurations
  6934 | D:4      | Found a shattered altar of Ashenzari.
  7962 | D:5      | Entered Level 5 of the Dungeon
  8222 | D:5      | Your scales start taking on a lurid green colour.
  8222 | D:5      | Reached XP level 7. HP: 55/55 MP: 7/13
  8222 | D:5      | Gained mutation: Your system is resistant to poisons.
                  | (rPois) [Green Draconian growth]
  8580 | D:5      | Found a shadowy altar of Dithmenos.
  9058 | D:5      | Found a snail-covered altar of Cheibriados.
  9216 | D:6      | Found a staircase to the Ecumenical Temple.
  9223 | Temple   | Entered the Ecumenical Temple
  9304 | Temple   | Became a worshipper of Vehumet
  9622 | D:6      | Reached skill level 5 in Spellcasting
  9696 | D:6      | Reached skill level 7 in Conjurations
 10305 | D:6      | Reached XP level 8. HP: 58/62 MP: 0/16
 10869 | D:7      | Found the amulet of Vitality {Regen+ HP+15}
 11083 | D:7      | Found a sand-covered staircase.
 11098 | Ossuary  | Entered an ossuary
 11103 | Ossuary  | Reached * piety under Vehumet
 11103 | Ossuary  | Offered knowledge of Freeze by Vehumet.
 11650 | D:7      | Learned a level 1 spell: Freeze
 11682 | D:7      | Reached skill level 8 in Conjurations
 12176 | D:7      | Offered knowledge of Flame Tongue by Vehumet.
 12181 | D:7      | Reached ** piety under Vehumet
 12181 | D:7      | Reached XP level 9. HP: 70/70 MP: 16/19
 12228 | D:7      | Reached skill level 1 in Ice Magic
 12235 | D:7      | Learned a level 1 spell: Flame Tongue
 12995 | D:7      | Found a burning altar of Makhleb.
 12998 | D:7      | Found a shimmering altar of Xom.
 13130 | D:7      | Found a basalt altar of Yredelemnul.
 13564 | D:7      | Reached skill level 5 in Dodging
 13842 | D:8      | Offered knowledge of Mephitic Cloud by Vehumet.
 13842 | D:8      | Reached skill level 9 in Conjurations
 13848 | D:8      | Learned a level 3 spell: Mephitic Cloud
 14014 | D:8      | Reached XP level 10. HP: 78/78 MP: 1/22
 14674 | D:8      | Reached *** piety under Vehumet
 15354 | D:8      | Found an ornate altar of the Wu Jian Council.
 15541 | D:9      | Offered knowledge of Sticky Flame by Vehumet.
 15557 | D:9      | Learned a level 4 spell: Sticky Flame
 15558 | D:9      | Found a white marble altar of Elyvilon.
 15562 | D:9      | Found a glowing silver altar of Zin.
 15563 | D:9      | Found a glowing golden altar of the Shining One.
 15764 | D:9      | Found a blossoming altar of Fedhas.
 15942 | D:9      | Found a staircase to the Lair.
 16000 | D:9      | Reached skill level 10 in Conjurations
 16814 | D:9      | Reached **** piety under Vehumet
 17157 | D:10     | Entered Level 10 of the Dungeon
 17416 | D:10     | Reached skill level 11 in Conjurations
 17776 | D:10     | Found a white marble altar of Elyvilon.
 17780 | D:10     | Reached XP level 11. HP: 85/85 MP: 11/24
 17801 | D:10     | Offered knowledge of Irradiate by Vehumet.
 18314 | D:10     | Found a portal to a secret trove of treasure.
 18839 | D:11     | Noticed an unseen horror
 18849 | D:11     | Killed an unseen horror
 18891 | D:11     | Noticed Erica
 19050 | D:11     | Killed Erica
 19050 | D:11     | Reached skill level 10 in Spellcasting
 19272 | D:11     | Noticed a cyan ugly thing
 19281 | D:11     | Killed a cyan ugly thing
 19443 | D:11     | Noticed Harold
 19487 | D:11     | Killed Harold
 19487 | D:11     | Reached skill level 12 in Conjurations
 19595 | D:11     | Noticed a two-headed ogre
 19715 | D:11     | Noticed a death knight
 20095 | D:11     | HP: 1/100 [manticore/volley of spikes (11)]
 20292 | D:11     | Reached skill level 5 in Fighting
 20313 | D:11     | Noticed a seven-headed hydra
 20320 | D:11     | Paralysed by a floating eye for 4 turns
 20428 | D:11     | Paralysed by a floating eye for 2 turns
 20433 | D:11     | Reached ***** piety under Vehumet
 20527 | D:11     | Killed a death knight
 20792 | D:11     | Offered knowledge of Spellforged Servitor by Vehumet.
 21028 | D:11     | Reached XP level 12. HP: 94/94 MP: 8/26
 21089 | D:10     | HP: 5/109 [yak (4)]
 21355 | D:11     | Noticed a two-headed ogre
 21362 | D:11     | Killed a two-headed ogre
 21362 | D:11     | Reached skill level 13 in Conjurations
 21662 | D:11     | Killed a two-headed ogre
 22067 | Lair:1   | Entered Level 1 of the Lair of Beasts
 23400 | Lair:2   | Noticed an eight-headed hydra
 23589 | Lair:2   | Noticed a seven-headed hydra
 23594 | Lair:2   | Killed a seven-headed hydra
 23741 | Lair:2   | Reached skill level 14 in Conjurations
 23922 | Lair:2   | Noticed an eight-headed hydra
 23939 | Lair:2   | Reached skill level 1 in Poison Magic
 23963 | Lair:2   | Noticed an eight-headed hydra
 23967 | Lair:2   | Killed an eight-headed hydra
 23967 | Lair:2   | Reached skill level 1 in Air Magic
 24086 | Lair:2   | Killed an eight-headed hydra
 24268 | Lair:2   | Killed an eight-headed hydra
 24362 | Lair:2   | Reached XP level 13. HP: 102/102 MP: 18/29
 24459 | Lair:2   | Found a staircase to the Swamp.
 25164 | Lair:3   | Found a runed translucent gate.
 25164 | Lair:3   | Found a runed translucent gate.
 25164 | Lair:3   | Found a runed translucent gate.
 25167 | Lair:3   | Noticed Befuwnopp's ghost (journeyman TrHu)
 25404 | Lair:3   | Learned a level 4 spell: Force Lance
 25661 | Lair:3   | Killed Befuwnopp's ghost
 25983 | Lair:3   | Found the +0 mask of the Dragon {MR+ Slay+3 SInv}
 26096 | Lair:3   | Found a hole to the Spider Nest.
 26625 | Lair:3   | Reached skill level 1 in Translocations
 26751 | Lair:4   | Noticed Kirke
 26781 | Lair:3   | Killed Kirke
 27224 | Lair:4   | Noticed Rupert
 27249 | Lair:4   | Reached skill level 15 in Conjurations
 27279 | Lair:4   | Paralysed by Rupert for 3 turns
 27295 | Lair:4   | HP: 4/117 [Rupert/+1 great mace of crushing (7)]
 27719 | Lair:4   | You fall through a shaft!
 27742 | Lair:4   | Noticed Nessos
 27877 | Lair:4   | Killed Nessos
 28265 | Lair:4   | Paralysed by Rupert for 7 turns
 28283 | Lair:4   | Killed Rupert
 28856 | Lair:5   | Reached skill level 5 in Poison Magic
 29966 | Lair:5   | Offered knowledge of Venom Bolt by Vehumet.
 29973 | Lair:5   | Learned a level 5 spell: Venom Bolt
 30357 | Lair:5   | Gained mutation: Your tail ends in a poisonous barb. [Green
                  | Draconian growth]
 30357 | Lair:5   | Reached XP level 14. HP: 110/110 MP: 14/30
 30573 | Lair:5   | Found a viscous altar of Jiyva.
 30575 | Lair:5   | Found a staircase to the Slime Pits.
 30958 | Lair:6   | Entered Level 6 of the Lair of Beasts
 32025 | Lair:5   | Reached skill level 5 in Air Magic
 32451 | Lair:6   | Reached skill level 16 in Conjurations
 33741 | Lair:6   | Offered knowledge of Poison Arrow by Vehumet.
 33753 | Lair:6   | Learned a level 6 spell: Poison Arrow
 35689 | D:12     | Found a staircase to the Orcish Mines.
 36230 | D:13     | Noticed Frances
 36235 | D:13     | Killed Frances
 36500 | D:13     | Noticed Urug
 36504 | D:13     | Killed Urug
 36750 | D:13     | Reached XP level 15. HP: 115/115 MP: 32/32
 36879 | D:13     | Found a gate to the Vaults.
 37754 | D:13     | Noticed Erolcha
 37756 | D:13     | Killed Erolcha
 38324 | D:14     | Reached skill level 17 in Conjurations
 38851 | D:14     | Offered knowledge of Lightning Bolt by Vehumet.
 38859 | D:14     | Learned a level 5 spell: Lightning Bolt
 38870 | D:15     | Entered Level 15 of the Dungeon
 38875 | D:14     | Hit by a large rock thrown by a cyclops

Skill      XL: |  1  2  3  4  5  6  7  8  9 10 11 12 13 14 15 |
---------------+----------------------------------------------+-----
Dodging        | 2 3 4 5 6 7 8 |  8.4
Conjurations   | 5 6 7 8 9 11 12 14 15 16 17 | 17.1
Fighting       | 1 2 3 4 5 6 |  6.3
Spellcasting   | 3 4 5 6 8 9 10 12 13 | 13.8
Ice Magic      | 3 |  3.6
Poison Magic   | 2 5 8 9 |  9.0
Air Magic      | 1 4 5 |  5.4
Translocations | 1 |  1.7
Stealth        | |  1.7
Fire Magic     | |  0.5

Action                   |  1- 3 |  4- 6 |  7- 9 | 10-12 | 13-15 || total
-------------------------+-------+-------+-------+-------+-------++-------
Melee: Unarmed           |    34 |       |       |       |       ||    34
       Tailslap          |     1 |    11 |    33 |    58 |    52 ||   155
       Dagger            |       |   103 |   250 |   517 |   276 ||  1146
 Cast: Magic Dart        |    86 |    88 |    93 |   132 |    50 ||   449
       Iskenderun's Myst |       |    38 |    96 |   293 |   417 ||   844
       Freeze            |       |       |    48 |    16 |     1 ||    65
       Flame Tongue      |       |       |     1 |     3 |       ||     4
       Sticky Flame      |       |       |       |    55 |    40 ||    95
       Mephitic Cloud    |       |       |       |    10 |    75 ||    85
       Force Lance       |       |       |       |       |    31 ||    31
       Venom Bolt        |       |       |       |       |    36 ||    36
       Poison Arrow      |       |       |       |       |    90 ||    90
 Abil: Breathe Noxious F |       |       |     2 |       |     3 ||     5
Evoke: Wand              |       |       |       |     1 |       ||     1
  Use: Scroll            |       |     3 |     9 |     8 |    21 ||    41
       Potion            |       |       |       |     1 |     1 ||     2
 Stab: Sleeping          |       |       |     1 |       |       ||     1
       Confused          |       |       |       |       |    12 ||    12
  Eat: Chunk             |     5 |     9 |    19 |    35 |    50 ||   118
       Ration            |     1 |     4 |     4 |     6 |     9 ||    24
Armor: Skin              |    11 |    39 |   144 |   186 |   148 ||   528
Dodge: Dodged            |    27 |    60 |   229 |   454 |   435 ||  1205
